 Dungeon Crawl Stone Soup version 0.28.0 (webtiles) character file.

Game seed: 2573985993588180716

25 diecastcamel the Skirmisher (level 2, -2/27 HPs)
             Began as a Minotaur Berserker on Feb 5, 2022.
             Was a Follower of Trog.
             Slain by Natasha (4 damage)
             ... on level 2 of the Dungeon.
             The game lasted 00:02:44 (460 turns).

diecastcamel the Skirmisher (Minotaur Berserker)     Turns: 460, Time: 00:02:45

Health: -2/27      AC:  2    Str: 21    XL:     2   Next: 86%
Magic:  1/1        EV: 12    Int:  4    God:    Trog [*.....]
Gold:   27         SH:  0    Dex:  9    Spells: 1/1 levels left

rFire   . . .      SeeInvis .   a - +0 hand axe
rCold   . . .      Faith    .   (no shield)
rNeg    . . .      Spirit   .   b - +0 animal skin
rPois   .          Reflect  .   (helmet restricted)
rElec   .          Harm     .   (no cloak)
rCorr   .          Rampage  .   (no gloves)
Will    .....                   (no boots)
Stlth   +.........              (no amulet)
HPRegen 0.09/turn               (no ring)
MPRegen 0.07/turn               (no ring)

@: slowed, very slow
A: horns 2, retaliatory headbutt
a: Renounce Religion, Berserk


You were on level 2 of the Dungeon.
You worshipped Trog.
Trog was aware of your devotion.
You visited 1 branch of the dungeon, and saw 2 of its levels.

You collected 27 gold pieces.

Inventory:

Hand Weapons
 a - a +0 hand axe (weapon)
Armour
 b - a +0 animal skin (worn)
Scrolls
 c - a scroll of identify {unknown}
 e - a scroll of fear {unknown}
Potions
 d - a potion of lignification {unknown}


   Skills:
 + Level 4.0 Fighting
 + Level 4.0 Axes
 + Level 2.9 Armour
 + Level 2.6 Dodging


You had one spell level left.
You didn't know any spells.
Your spell library was empty.

Dungeon Overview and Level Annotations

Branches:
Dungeon (1/15)

Altars:

Annotations:
D:2 Natasha


Innate Abilities, Weirdness & Mutations

You have a pair of horns on your head.
You reflexively headbutt those who attack you in melee.


Message History

The jackal bites you but does no damage.
The jackal closely misses you. The jackal closely misses you.
You furiously retaliate!
You headbutt the jackal, but do no damage.
The jackal closely misses you.
The jackal bites you but does no damage.
The jackal bites you.
An orc comes into view. It is wielding a +0 mace.
Found a scroll labelled BICECR WIDALEM.
The orc shouts!
You hear a shout! x2
You closely miss the jackal.
The jackal barks!
The jackal bites you.
An orc comes into view. It is wielding a +0 flail.
The jackal barely misses you.
You slash the jackal!
You kill the jackal!
Trog accepts your kill.
A bat comes into view.
Natasha casts a spell at you.
You feel yourself slow down.
Natasha stares at you and mumbles some strange words.
The magic dart hits you!
* * * LOW HITPOINT WARNING * * *
Natasha casts a spell.
The jackal misses you. The jackal barely misses you. The orc barely misses you.
The jackal barely misses you. The jackal misses you. You furiously retaliate!
You headbutt the jackal!
You kill the jackal!
Trog accepts your kill.
An orc wizard comes into view. It is wielding a +0 dagger.
The orc wizard shouts!
Natasha closely misses you.
An orc priest comes into view. It is wielding a +0 morningstar.
The orc priest shouts!
The orc wizard gestures at you while chanting.
The magic dart hits you.
* * * LOW HITPOINT WARNING * * *
Natasha claws you.
You die...

#### #.h. #.## #g# ##†##
#$..w
####################h.##
........h..........wg..†
#@ogo......####..#
#o###..###.# #..# #.#
#.5# #.# #..# #.#
#.o###.# #..# #.#
#..w...# #..#
.#o###..###.# #..#
........†...# #.w#
?....#..##### ##..#
.#.###..# #....


You could see an orc priest, an orc wizard, Natasha, 2 orcs and a goblin.

Vanquished Creatures
  2 dart slugs (D:1)
  2 ball pythons
  An endoplasm (D:1)
  3 giant cockroaches (D:1)
  A goblin (D:1)
  A hobgoblin (D:1)
  4 jackals (D:2)
  2 bats (D:2)
  A frilled lizard (D:2)
  A rat (D:1)
18 creatures vanquished.

Notes
Turn   | Place    | Note
-------+----------+-------------------------------------------
     0 | D:1      | diecastcamel the Minotaur Berserker began the quest for the
                  | Orb.
     0 | D:1      | Reached XP level 1. HP: 19/19 MP: 0/0
   113 | D:1      | Reached XP level 2. HP: 27/27 MP: 1/1
   389 | D:1      | You fall into a shaft and drop 1 floor!
   397 | D:2      | Noticed Natasha
   401 | D:2      | Noticed a crimson imp
   406 | D:2      | Noticed a crimson imp
   410 | D:2      | Noticed a crimson imp
   460 | D:2      | Slain by Natasha

Illustrated notes

Levels and vault maps discovered:
D:1:      minmay_arrival_three_doors, layout_loops_ring
D:2:      layout_basic, ebering_ecumenical_altar_webs, uniq_natasha

Skill      XL: |  1  2 |
---------------+-------+-----
Fighting       | 4 |  4.0
Axes           | 4 |  4.0
Armour         | |  2.9
Dodging        | |  2.6

Action                   || total
-------------------------++-------
Melee: Hand axe          ||    32
       Headbutt          ||     2
       Punch             ||     2
Armor: Animal skin       ||    19
Dodge: Dodged            ||    55
